AoeStats
← EmperorChewie

Yucatan

503230531Analyzed
2v2 RM · 1mo ago on Aug 30, 2026· 61m 54s· 4 players
Game mode
Random Map
Map size
Medium (4 player)
Population
200
Speed
Normal
Resources
Standard
Victory
Conquest
Starting age
Dark Age
Ending age
Imperial Age
RankedLock teamsTeams togetherTeam positionsShared explorationLock speedFull tech treeHidden civsTurbo modeCheats
Victory
Defeat
🇨🇱 Khmer · Chile
504
+14
🇧🇷 Persians · Brazil
426
+18
🇩🇪 Franks · Germany
463
-16
🇩🇪 Persians · Germany
455
-16
the notorious t.h.i.c.c.
10:51 Feudal Age
12:20 Double-Bit Axe
15:20 Wheelbarrow
20:20 Castle Age
20:27 Forging
20:19 Scale Mail Armor
20:25 Scale Barding Armor
22:43 Hand Cart
22:44 Bow Saw
28:28 Town Watch
28:49 Padded Archer Armor
28:40 Fletching
30:50 Gold Mining
34:27 Chain Barding Armor
38:38 Gold Shaft Mining
38:26 Leather Archer Armor
44:35 Imperial Age
44:43 Imperial Age
41:54 Pikeman
42:35 Squires
42:21 Arson
47:40 Masonry
EmperorChewie
14:02 Feudal Age
12:55 Loom
15:16 Double-Bit Axe
17:16 Wheelbarrow
17:19 Horse Collar
18:33 Gold Mining
22:36 Stone Mining
25:02 Castle Age
23:49 Bloodlines
24:41 Forging
24:38 Scale Barding Armor
24:35 Scale Mail Armor
25:45 Hand Cart
26:08 Heavy Plow
27:12 Gold Shaft Mining
27:31 Stone Shaft Mining
27:10 Fishing Lines
28:40 Gillnets
31:16 Bow Saw
34:43 Medium Warships
37:24 Imperial Age
35:24 Husbandry
34:48 Pikeman
36:12 Iron Casting
35:59 Chain Barding Armor
38:09 Conscription
39:51 Chemistry
40:00 Heavy Warships
40:14 Crop Rotation
40:55 Two-Man Saw
42:20 Citadels
42:17 Kamandaran
42:57 Hoardings
44:10 Elite War Elephant
47:05 Guilds
49:45 Thumb Ring
49:02 Crossbowman
SouthWarrior260
0:44 Loom
15:01 Feudal Age
16:40 Town Watch
17:13 Double-Bit Axe
18:04 Fishing Lines
19:54 Wheelbarrow
20:27 Horse Collar
23:22 Castle Age
21:50 Gold Mining
22:09 Stone Mining
22:52 Man-at-Arms
24:58 Heavy Plow
26:04 Bow Saw
27:26 Husbandry
27:37 Bloodlines
31:10 Hand Cart
31:50 Gold Shaft Mining
31:48 Pikeman
32:04 Elite Skirmisher
33:40 Gillnets
34:06 Tusk Swords
36:37 Stone Shaft Mining
39:31 Imperial Age
38:41 Ballistics
38:44 Forging
38:34 Scale Mail Armor
38:59 Caravan
39:38 Scale Barding Armor
40:09 Iron Casting
39:24 Fletching
40:14 Heavy Scorpion
42:33 Chemistry
41:45 Fortified Wall
41:30 Murder Holes
42:25 Crop Rotation
42:30 Padded Archer Armor
43:37 Double Crossbow
44:21 Cavalier
44:48 Sappers
46:26 Elite Ballista Elephant
49:34 Blast Furnace
48:50 Chain Mail Armor
48:55 Chain Barding Armor
48:51 Leather Archer Armor
48:50 Masonry
48:35 Murder Holes
51:51 Conscription
52:06 Hoardings
52:12 Leather Archer Armor
51:52 Bodkin Arrow
51:51 Heated Shot
52:32 Architecture
52:07 Siege Engineers
58:04 Light Cavalry
58:43 Capped Ram
60:57 Siege Ram
WendreyT9913
11:39 Feudal Age
11:57 Horse Collar
25:57 Castle Age
31:46 Gold Mining
31:47 Stone Mining
31:23 Pikeman
32:04 Squires
31:49 Arson
31:29 Elite Skirmisher
32:14 Thumb Ring
31:30 Crossbowman
35:44 Stone Shaft Mining
35:44 Gold Shaft Mining
37:24 Heavy Plow
37:11 Double-Bit Axe
38:09 Wheelbarrow
37:20 Town Watch
37:58 Husbandry
40:59 Imperial Age
40:11 Kamandaran
41:10 Bow Saw
42:37 Cavalier
43:53 Scale Barding Armor
43:48 Scale Mail Armor
43:59 Forging
43:39 Fletching
46:31 Savar
48:05 Padded Archer Armor
48:21 Chain Mail Armor
48:41 Iron Casting
47:57 Fletching
49:53 Bloodlines
49:11 Light Cavalry
50:12 Hand Cart
Connection lost

Rejoining the realm…

Still unreachable

The connection could not be restored.

Session expired

The server has moved on; the page needs a fresh start.